Workbook

Sheet Lançamentos
A1: Fluxo de caixa
A2: Digite o saldo inicial e lance cada entrada ou saída. O saldo da última coluna se atualiza sozinho.
A3: Saldo inicial (R$) | C3: 2500
A5: Data | B5: Descrição | C5: Tipo | D5: Categoria | E5: Valor (R$) | F5: Saldo após o lançamento
A6: 46391 | B6: Venda à vista | C6: Entrada | D6: Vendas | E6: 3200 | F6: =IF(E6="","",$C$3+SUMIF($C$6:C6,"Entrada",$E$6:E6)-SUMIF($C$6:C6,"Saída",$E$6:E6)) -> 5700
A7: 46393 | B7: Aluguel do ponto | C7: Saída | D7: Fixas | E7: 1800 | F7: =IF(E7="","",$C$3+SUMIF($C$6:C7,"Entrada",$E$6:E7)-SUMIF($C$6:C7,"Saída",$E$6:E7)) -> 3900
A8: 46396 | B8: Compra de mercadoria | C8: Saída | D8: Fornecedores | E8: 1150 | F8: =IF(E8="","",$C$3+SUMIF($C$6:C8,"Entrada",$E$6:E8)-SUMIF($C$6:C8,"Saída",$E$6:E8)) -> 2750
A9: 46402 | B9: Venda à vista | C9: Entrada | D9: Vendas | E9: 2750 | F9: =IF(E9="","",$C$3+SUMIF($C$6:C9,"Entrada",$E$6:E9)-SUMIF($C$6:C9,"Saída",$E$6:E9)) -> 5500
A10: 46407 | B10: Energia e internet | C10: Saída | D10: Fixas | E10: 410 | F10: =IF(E10="","",$C$3+SUMIF($C$6:C10,"Entrada",$E$6:E10)-SUMIF($C$6:C10,"Saída",$E$6:E10)) -> 5090
A11: 46420 | B11: Venda à vista | C11: Entrada | D11: Vendas | E11: 3900 | F11: =IF(E11="","",$C$3+SUMIF($C$6:C11,"Entrada",$E$6:E11)-SUMIF($C$6:C11,"Saída",$E$6:E11)) -> 8990
A12: 46423 | B12: Aluguel do ponto | C12: Saída | D12: Fixas | E12: 1800 | F12: =IF(E12="","",$C$3+SUMIF($C$6:C12,"Entrada",$E$6:E12)-SUMIF($C$6:C12,"Saída",$E$6:E12)) -> 7190
A13: 46430 | B13: Compra de mercadoria | C13: Saída | D13: Fornecedores | E13: 1600 | F13: =IF(E13="","",$C$3+SUMIF($C$6:C13,"Entrada",$E$6:E13)-SUMIF($C$6:C13,"Saída",$E$6:E13)) -> 5590
A14: 46437 | B14: Serviço prestado | C14: Entrada | D14: Serviços | E14: 1500 | F14: =IF(E14="","",$C$3+SUMIF($C$6:C14,"Entrada",$E$6:E14)-SUMIF($C$6:C14,"Saída",$E$6:E14)) -> 7090
A15: 46449 | B15: Venda à vista | C15: Entrada | D15: Vendas | E15: 4100 | F15: =IF(E15="","",$C$3+SUMIF($C$6:C15,"Entrada",$E$6:E15)-SUMIF($C$6:C15,"Saída",$E$6:E15)) -> 11190
A16: 46453 | B16: Imposto | C16: Saída | D16: Impostos | E16: 520 | F16: =IF(E16="","",$C$3+SUMIF($C$6:C16,"Entrada",$E$6:E16)-SUMIF($C$6:C16,"Saída",$E$6:E16)) -> 10670
A17: 46464 | B17: Compra de mercadoria | C17: Saída | D17: Fornecedores | E17: 1300 | F17: =IF(E17="","",$C$3+SUMIF($C$6:C17,"Entrada",$E$6:E17)-SUMIF($C$6:C17,"Saída",$E$6:E17)) -> 9370
F18: =IF(E18="","",$C$3+SUMIF($C$6:C18,"Entrada",$E$6:E18)-SUMIF($C$6:C18,"Saída",$E$6:E18))
F19: =IF(E19="","",$C$3+SUMIF($C$6:C19,"Entrada",$E$6:E19)-SUMIF($C$6:C19,"Saída",$E$6:E19))
F20: =IF(E20="","",$C$3+SUMIF($C$6:C20,"Entrada",$E$6:E20)-SUMIF($C$6:C20,"Saída",$E$6:E20))
F21: =IF(E21="","",$C$3+SUMIF($C$6:C21,"Entrada",$E$6:E21)-SUMIF($C$6:C21,"Saída",$E$6:E21))
F22: =IF(E22="","",$C$3+SUMIF($C$6:C22,"Entrada",$E$6:E22)-SUMIF($C$6:C22,"Saída",$E$6:E22))
F23: =IF(E23="","",$C$3+SUMIF($C$6:C23,"Entrada",$E$6:E23)-SUMIF($C$6:C23,"Saída",$E$6:E23))
F24: =IF(E24="","",$C$3+SUMIF($C$6:C24,"Entrada",$E$6:E24)-SUMIF($C$6:C24,"Saída",$E$6:E24))
F25: =IF(E25="","",$C$3+SUMIF($C$6:C25,"Entrada",$E$6:E25)-SUMIF($C$6:C25,"Saída",$E$6:E25))
F26: =IF(E26="","",$C$3+SUMIF($C$6:C26,"Entrada",$E$6:E26)-SUMIF($C$6:C26,"Saída",$E$6:E26))
F27: =IF(E27="","",$C$3+SUMIF($C$6:C27,"Entrada",$E$6:E27)-SUMIF($C$6:C27,"Saída",$E$6:E27))
F28: =IF(E28="","",$C$3+SUMIF($C$6:C28,"Entrada",$E$6:E28)-SUMIF($C$6:C28,"Saída",$E$6:E28))
F29: =IF(E29="","",$C$3+SUMIF($C$6:C29,"Entrada",$E$6:E29)-SUMIF($C$6:C29,"Saída",$E$6:E29))
... F305: =IF(E305="","",$C$3+SUMIF($C$6:C305,"Entrada",$E$6:E305)-SUMIF($C$6:C305,"Saída",$E$6:E305))

Sheet Resumo mensal
A1: Resumo mensal
A2: Digite o ano. Entradas, saídas e saldo de cada mês são calculados a partir da aba Lançamentos.
A3: Ano | B3: 2027
A5: Mês | B5: Entradas | C5: Saídas | D5: Resultado | E5: Saldo no fim do mês
A6: Janeiro | B6: =SUMIFS('Lançamentos'!$E$6:$E$305,'Lançamentos'!$C$6:$C$305,"Entrada",'Lançamentos'!$A$6:$A$305,">="&DATE($B$3,1,1),'Lançamentos'!$A$6:$A$305,"<"&DATE($B$3,2,1)) -> 5950 | C6: =SUMIFS('Lançamentos'!$E$6:$E$305,'Lançamentos'!$C$6:$C$305,"Saída",'Lançamentos'!$A$6:$A$305,">="&DATE($B$3,1,1),'Lançamentos'!$A$6:$A$305,"<"&DATE($B$3,2,1)) -> 3360 | D6: =B6-C6 -> 2590 | E6: ='Lançamentos'!$C$3+SUM($D$6:D6) -> 5090
A7: Fevereiro | B7: =SUMIFS('Lançamentos'!$E$6:$E$305,'Lançamentos'!$C$6:$C$305,"Entrada",'Lançamentos'!$A$6:$A$305,">="&DATE($B$3,2,1),'Lançamentos'!$A$6:$A$305,"<"&DATE($B$3,3,1)) -> 5400 | C7: =SUMIFS('Lançamentos'!$E$6:$E$305,'Lançamentos'!$C$6:$C$305,"Saída",'Lançamentos'!$A$6:$A$305,">="&DATE($B$3,2,1),'Lançamentos'!$A$6:$A$305,"<"&DATE($B$3,3,1)) -> 3400 | D7: =B7-C7 -> 2000 | E7: ='Lançamentos'!$C$3+SUM($D$6:D7) -> 7090
A8: Março | B8: =SUMIFS('Lançamentos'!$E$6:$E$305,'Lançamentos'!$C$6:$C$305,"Entrada",'Lançamentos'!$A$6:$A$305,">="&DATE($B$3,3,1),'Lançamentos'!$A$6:$A$305,"<"&DATE($B$3,4,1)) -> 4100 | C8: =SUMIFS('Lançamentos'!$E$6:$E$305,'Lançamentos'!$C$6:$C$305,"Saída",'Lançamentos'!$A$6:$A$305,">="&DATE($B$3,3,1),'Lançamentos'!$A$6:$A$305,"<"&DATE($B$3,4,1)) -> 1820 | D8: =B8-C8 -> 2280 | E8: ='Lançamentos'!$C$3+SUM($D$6:D8) -> 9370
A9: Abril | B9: =SUMIFS('Lançamentos'!$E$6:$E$305,'Lançamentos'!$C$6:$C$305,"Entrada",'Lançamentos'!$A$6:$A$305,">="&DATE($B$3,4,1),'Lançamentos'!$A$6:$A$305,"<"&DATE($B$3,5,1)) -> 0 | C9: =SUMIFS('Lançamentos'!$E$6:$E$305,'Lançamentos'!$C$6:$C$305,"Saída",'Lançamentos'!$A$6:$A$305,">="&DATE($B$3,4,1),'Lançamentos'!$A$6:$A$305,"<"&DATE($B$3,5,1)) -> 0 | D9: =B9-C9 -> 0 | E9: ='Lançamentos'!$C$3+SUM($D$6:D9) -> 9370
A10: Maio | B10: =SUMIFS('Lançamentos'!$E$6:$E$305,'Lançamentos'!$C$6:$C$305,"Entrada",'Lançamentos'!$A$6:$A$305,">="&DATE($B$3,5,1),'Lançamentos'!$A$6:$A$305,"<"&DATE($B$3,6,1)) -> 0 | C10: =SUMIFS('Lançamentos'!$E$6:$E$305,'Lançamentos'!$C$6:$C$305,"Saída",'Lançamentos'!$A$6:$A$305,">="&DATE($B$3,5,1),'Lançamentos'!$A$6:$A$305,"<"&DATE($B$3,6,1)) -> 0 | D10: =B10-C10 -> 0 | E10: ='Lançamentos'!$C$3+SUM($D$6:D10) -> 9370
A11: Junho | B11: =SUMIFS('Lançamentos'!$E$6:$E$305,'Lançamentos'!$C$6:$C$305,"Entrada",'Lançamentos'!$A$6:$A$305,">="&DATE($B$3,6,1),'Lançamentos'!$A$6:$A$305,"<"&DATE($B$3,7,1)) -> 0 | C11: =SUMIFS('Lançamentos'!$E$6:$E$305,'Lançamentos'!$C$6:$C$305,"Saída",'Lançamentos'!$A$6:$A$305,">="&DATE($B$3,6,1),'Lançamentos'!$A$6:$A$305,"<"&DATE($B$3,7,1)) -> 0 | D11: =B11-C11 -> 0 | E11: ='Lançamentos'!$C$3+SUM($D$6:D11) -> 9370
A12: Julho | B12: =SUMIFS('Lançamentos'!$E$6:$E$305,'Lançamentos'!$C$6:$C$305,"Entrada",'Lançamentos'!$A$6:$A$305,">="&DATE($B$3,7,1),'Lançamentos'!$A$6:$A$305,"<"&DATE($B$3,8,1)) -> 0 | C12: =SUMIFS('Lançamentos'!$E$6:$E$305,'Lançamentos'!$C$6:$C$305,"Saída",'Lançamentos'!$A$6:$A$305,">="&DATE($B$3,7,1),'Lançamentos'!$A$6:$A$305,"<"&DATE($B$3,8,1)) -> 0 | D12: =B12-C12 -> 0 | E12: ='Lançamentos'!$C$3+SUM($D$6:D12) -> 9370
A13: Agosto | B13: =SUMIFS('Lançamentos'!$E$6:$E$305,'Lançamentos'!$C$6:$C$305,"Entrada",'Lançamentos'!$A$6:$A$305,">="&DATE($B$3,8,1),'Lançamentos'!$A$6:$A$305,"<"&DATE($B$3,9,1)) -> 0 | C13: =SUMIFS('Lançamentos'!$E$6:$E$305,'Lançamentos'!$C$6:$C$305,"Saída",'Lançamentos'!$A$6:$A$305,">="&DATE($B$3,8,1),'Lançamentos'!$A$6:$A$305,"<"&DATE($B$3,9,1)) -> 0 | D13: =B13-C13 -> 0 | E13: ='Lançamentos'!$C$3+SUM($D$6:D13) -> 9370
A14: Setembro | B14: =SUMIFS('Lançamentos'!$E$6:$E$305,'Lançamentos'!$C$6:$C$305,"Entrada",'Lançamentos'!$A$6:$A$305,">="&DATE($B$3,9,1),'Lançamentos'!$A$6:$A$305,"<"&DATE($B$3,10,1)) -> 0 | C14: =SUMIFS('Lançamentos'!$E$6:$E$305,'Lançamentos'!$C$6:$C$305,"Saída",'Lançamentos'!$A$6:$A$305,">="&DATE($B$3,9,1),'Lançamentos'!$A$6:$A$305,"<"&DATE($B$3,10,1)) -> 0 | D14: =B14-C14 -> 0 | E14: ='Lançamentos'!$C$3+SUM($D$6:D14) -> 9370
A15: Outubro | B15: =SUMIFS('Lançamentos'!$E$6:$E$305,'Lançamentos'!$C$6:$C$305,"Entrada",'Lançamentos'!$A$6:$A$305,">="&DATE($B$3,10,1),'Lançamentos'!$A$6:$A$305,"<"&DATE($B$3,11,1)) -> 0 | C15: =SUMIFS('Lançamentos'!$E$6:$E$305,'Lançamentos'!$C$6:$C$305,"Saída",'Lançamentos'!$A$6:$A$305,">="&DATE($B$3,10,1),'Lançamentos'!$A$6:$A$305,"<"&DATE($B$3,11,1)) -> 0 | D15: =B15-C15 -> 0 | E15: ='Lançamentos'!$C$3+SUM($D$6:D15) -> 9370
A16: Novembro | B16: =SUMIFS('Lançamentos'!$E$6:$E$305,'Lançamentos'!$C$6:$C$305,"Entrada",'Lançamentos'!$A$6:$A$305,">="&DATE($B$3,11,1),'Lançamentos'!$A$6:$A$305,"<"&DATE($B$3,12,1)) -> 0 | C16: =SUMIFS('Lançamentos'!$E$6:$E$305,'Lançamentos'!$C$6:$C$305,"Saída",'Lançamentos'!$A$6:$A$305,">="&DATE($B$3,11,1),'Lançamentos'!$A$6:$A$305,"<"&DATE($B$3,12,1)) -> 0 | D16: =B16-C16 -> 0 | E16: ='Lançamentos'!$C$3+SUM($D$6:D16) -> 9370
A17: Dezembro | B17: =SUMIFS('Lançamentos'!$E$6:$E$305,'Lançamentos'!$C$6:$C$305,"Entrada",'Lançamentos'!$A$6:$A$305,">="&DATE($B$3,12,1),'Lançamentos'!$A$6:$A$305,"<"&DATE($B$3,13,1)) -> 0 | C17: =SUMIFS('Lançamentos'!$E$6:$E$305,'Lançamentos'!$C$6:$C$305,"Saída",'Lançamentos'!$A$6:$A$305,">="&DATE($B$3,12,1),'Lançamentos'!$A$6:$A$305,"<"&DATE($B$3,13,1)) -> 0 | D17: =B17-C17 -> 0 | E17: ='Lançamentos'!$C$3+SUM($D$6:D17) -> 9370
A18: Ano | B18: =SUM(B6:B17) -> 15450 | C18: =SUM(C6:C17) -> 8580 | D18: =B18-C18 -> 6870 | E18: =E17 -> 9370

Sheet Como usar
A1: Como usar
A3: 1 | B3: Digite o saldo inicial na célula amarela da aba Lançamentos (o que você tinha em caixa antes do primeiro lançamento).
A4: 2 | B4: Lance cada movimento em uma linha: data, descrição, Entrada ou Saída, categoria e valor, sempre positivo.
A5: 3 | B5: A coluna Saldo mostra quanto sobra depois de cada lançamento. Fica vermelha quando o saldo é negativo.
A6: 4 | B6: Na aba Resumo mensal, escolha o ano; o resumo soma as entradas e as saídas de cada mês.
A7: 5 | B7: Lance os movimentos em ordem de data para que o saldo corrente faça sentido linha a linha.
B9: Modelo gratuito do Excel na prática (baixarexcel.com.br/modelos/). Pode usar, editar e compartilhar.
